 Dungeon Crawl Stone Soup version 0.26-a0-651-gb41185065b (webtiles) character file.

Game seed: 9751146634631312519

44 Flugslaktarn the Covered (level 3, -2/34 HPs)
             Began as a Deep Dwarf Fighter on Oct 6, 2020.
             Slain by an iguana (9 damage)
             ... on level 4 of the Dungeon.
             The game lasted 00:00:18 (280 turns).

Flugslaktarn the Covered (Deep Dwarf Fighter)        Turns: 280, Time: 00:00:19

Health: -2/34      AC:  6    Str: 20    XL:     3   Next: 39%
Magic:  2/2        EV:  7    Int:  8    God:
Gold:   51         SH:  9    Dex: 12    Spells: 2/2 levels left

rFire    + . .     SeeInvis .   a - +0 war axe
rCold    . . .     Faith    .   c - +0 kite shield
rNeg     . . .     Spirit   .   b - +0 scale mail
rPois    .         Reflect  .   (no helmet)
rElec    .         Harm     .   (no cloak)
rCorr    .         Rampage  .   (no gloves)
MR       .....                  (no boots)
Stlth    ..........             (no amulet)
HPRegen  0.00/turn              f - ring of protection from fire
MPRegen  0.08/turn              (no ring)

@: non-regenerating
A: damage resistance, heal wounds, sense surroundings 1, no regeneration
a: Heal Wounds


You were on level 4 of the Dungeon.
You visited 1 branch of the dungeon, and saw 4 of its levels.

You collected 51 gold pieces.

Inventory:

Hand Weapons
 a - a +0 war axe (weapon)
Armour
 b - a +0 scale mail (worn)
 c - a +0 kite shield (worn)
Jewellery
 f - a ring of protection from fire (left hand)
   (You found it on level 1 of the Dungeon)
Scrolls
 g - a scroll of immolation {unknown}
 i - a scroll of identify {unknown}
Potions
 d - a potion of might
 e - 2 potions of flight {unknown}
 h - a potion of berserk rage {unknown}


   Skills:
 * Level 3.2 Fighting
 * Level 3.0 Axes
 + Level 3.6 Armour
 + Level 3.6 Shields


You had 2 spell levels left.
You didn't know any spells.
Your spell library was empty.

Dungeon Overview and Level Annotations

Branches:
Dungeon (4/15)
 Temple: D:4-7

Altars:
Qazlal


Innate Abilities, Weirdness & Mutations

You are resistant to damage.
You can heal yourself by infusing magical energy.
You passively map a small area around you.
You do not regenerate.


Message History

You closely miss the frilled lizard. x2; You hit the leopard gecko.
You kill the leopard gecko!
Your Axes skill increases to level 3!
You block the frilled lizard's attack. You block the iguana's attack.
The frilled lizard bites you but does no damage.
You slash the iguana!
The iguana is almost dead.
You closely miss the frilled lizard.
You hit the frilled lizard but do no damage.
The frilled lizard bites you but does no damage.
The iguana bites you! The frilled lizard bites you.
The frilled lizard bites you but does no damage.
You closely miss the iguana.
The iguana is almost dead.
You completely miss the frilled lizard. You barely miss the frilled lizard.
The iguana bites you!
* * * LOW HITPOINT WARNING * * *
The frilled lizard closely misses you. You block the frilled lizard's attack.
The iguana bites you!
You die...

#####.#####**
........... ##
.<###..... #.##
##.##..### ##...
#.(...# #P...
##.###.# #..P.
..## #.# #....##
.## #.# #...ll#
.#####.# *#.l@#
....##.#########†#
..#.##...........#
#.............####
###.######.##.#
.... , #.##.#
###.## , #.##.#
#.# * *#.##.# #.#
* #.##.#


You could see an iguana and 2 frilled lizards.

Vanquished Creatures
  2 adders (D:3)
  4 leopard geckos
  3 giant cockroaches
  A goblin (D:3)
  3 hobgoblins
  A ball python (D:2)
  2 bats (D:1)
  3 frilled lizards
  A kobold (D:1)
  2 rats (D:1)
22 creatures vanquished.

Vanquished Creatures (others)
  7 plants (D:4)
7 creatures vanquished.

Grand Total: 29 creatures vanquished

Notes
Turn   | Place    | Note
-------+----------+-------------------------------------------
     0 | D:1      | Flugslaktarn the Deep Dwarf Fighter began the quest for the
                  | Orb.
     0 | D:1      | Reached XP level 1. HP: 20/20 MP: 1/1
    88 | D:1      | Reached XP level 2. HP: 24/27 MP: 2/2
   146 | D:3      | Found a stormy altar of Qazlal.
   234 | D:3      | Reached XP level 3. HP: 23/34 MP: 3/3
   280 | D:4      | Slain by an iguana

Illustrated notes

Levels and vault maps discovered:
D:1:      dpeg_arrival_ratfight, layout_loops_ring
D:2:      layout_loops_ring, lemuel_doored_altar, marbit_many_paths,
          old_standard_altar, cheibriados_altar_1
D:3:      layout_basic, lemuel_round_altar, doesnt_xom_only_xom
D:4:      layout_loops_ring, minmay_lizard_king

Skill      XL: |  1  2  3 |
---------------+----------+-----
Fighting       | 3 |  3.2
Axes           | 3 |  3.0
Armour         | |  3.6
Shields        | |  3.6

Action                   || total
-------------------------++-------
Melee: War axe           ||    72
 Abil: Heal Wounds       ||     1
Armor: Scale mail        ||    47
Dodge: Dodged            ||    36
Block: Kite shield       ||    55

Table legend: (Time is in decaauts)
 A = Elapsed time spent in this place.
 B = Non-inter-level travel time spent in this place.
 C = Inter-level travel time spent in this place.
 D = Time resting spent in this place.
 E = Time spent auto-exploring this place.
 F = Levels seen in this place.
 G = Mean time per level.
                   A        B        C        D        E       F      G
               +--------+--------+--------+--------+--------+-----+--------+
         Total |    309 |    293 |     16 |      0 |    142 |   4 |   77.2 |
       Dungeon |    309 |    293 |     16 |      0 |    142 |   4 |   77.2 |
               +--------+--------+--------+--------+--------+-----+--------+

Top non-repeatable levels by time:
     D:3: 126 daAuts
     D:1: 104 daAuts
     D:4: 48 daAuts
     D:2: 30 daAuts
